 Dungeon Crawl Stone Soup version 0.32-a0-468-g38b2580584 (webtiles) character file.

Game seed: 9669369576678790471

399639 croobank the Thanatomancer (level 21, 0/107 HPs)
             Began as a Felid Summoner on Feb 22, 2024.
             Was the Champion of Jiyva.
             Slain by a +1 triple sword of electrocution (42 damage)
             ... on level 2 of the Elven Halls on Feb 24, 2024.
             The game lasted 07:43:05 (53789 turns).

croobank the Thanatomancer (Felid Summoner)        Turns: 53789, Time: 07:43:05

Health: 0/107      AC:  3    Str: 11    XL:     21   Next: 93%
Magic:  35/51      EV: 25    Int: 33    God:    Jiyva [******]
Gold:   403        SH:  0    Dex: 21    Spells: 2/53 levels left
                                        Lives:  0   Deaths: 5

rFire   . .          .
                       - Blade Hands
rCold   . . .        (shield unavailable)
rNeg    . . .        (body armour unavailable)
rPois   +            (helmet unavailable)
rElec   .            (cloak unavailable)
rCorr   +            (gloves unavailable)
SInv    +            (boots unavailable)
Will    ++++.        J - amulet of the Chupacabra {rF- Regen+ Int+5 Slay+4}
Stlth   ++++++       V - ring "Wuazuimp" {Fire Int+4}
HPRegen 3.57/turn    T - ring of Noon {rPois MP+9 Str+5 Stlth+}
MPRegen 1.12/turn

%: no passive effects
@: blade hands, flying, studying Spellcasting
A: very small, (claws 1), fangs 3, see invisible, shaggy fur 3, (stealthy paws),
no weapons or thrown items, no armour, multi-lived, horns 2, strong-willed 1,
passive freeze, sense surroundings 3, regeneration 1, eyeballs 1, pseudopods 3,
tendrils, jelly sensing items
}: 3/15 runes: serpentine, barnacled, slimy
a: Begin Untransformation, Renounce Religion, Oozemancy, Slimify


You were on level 2 of the Elven Halls.
You worshipped Jiyva.
Jiyva was exalted by your worship.
You had blades for front paws.
You visited 9 branches of the dungeon, and saw 42 of its levels.
You visited 2 bazaars.
You also visited: Gauntlet.

You collected 3108 gold pieces.
You spent 2705 gold pieces at shops.

Inventory:

Missiles
 f - 11 atropa-tipped darts
Jewellery
 k - a +4 ring of protection
 o - a +6 ring of dexterity
 r - a ring of flight
 v - an amulet of reflection
 y - a ring of positive energy
 D - the ring "Quim" {AC+4 Int+5}
   (You acquired it on level 4 of the Lair of Beasts)

   [ring of protection]

   AC+4:      It affects your AC (+4).
   Int+5:     It affects your intelligence (+5).
 F - a ring of protection from cold
 G - a ring of positive energy
 J - the amulet of the Chupacabra (around neck) {rF- Regen+ Int+5 Slay+4}
   (You acquired it on level 4 of the Lair of Beasts)

   [amulet of regeneration]

   Int+5:     It affects your intelligence (+5).
   Slay+4:    It affects your accuracy & damage with ranged weapons and melee
   (+4).
   rF-:       It makes you vulnerable to fire.
   Regen+:    It increases your rate of health regeneration.
 M - a ring of willpower
 T - the ring of Noon (right blade hand) {rPois MP+9 Str+5 Stlth+}
   (You found it on level 1 of the Lair of Beasts)

   [ring of magical power]

   Str+5:     It affects your strength (+5).
   rPois:     It protects you from poison MP+9: It affects your magic capacity
   (+9).
   Stlth+:    It makes you more stealthy.
 V - the ring "Wuazuimp" (left blade hand) {Fire Int+4}
   (You found it on level 5 of the Pits of Slime)

   [ring of fire]

   Fire:      It enhances your fire magic.
   Int+4:     It affects your intelligence (+4).
   rF+:       It protects you from fire.
   rC-:       It makes you vulnerable to cold.
 W - a +5 ring of evasion
 Z - a ring of protection from cold
Talismans
 Y - the blade talisman "Ecoiqocs" (active) {Fly Slay+5}
   (You found it on level 2 of the Shoals)

   [blade talisman]

   Slay+5:    It affects your accuracy & damage with ranged weapons and melee
   (+5).
   Fly:       It grants you flight.
Wands
 c - a wand of iceblast (14)
 e - a wand of paralysis (47)
 t - a wand of digging (25)
 x - a wand of flame (34)
 H - a wand of acid (9)
 O - a wand of mindburst (20)
Scrolls
 a - 7 scrolls of fear
 d - a scroll of revelation
 g - 6 scrolls of noise
 i - 12 scrolls of teleportation
 j - 2 scrolls of silence
 l - 7 scrolls of amnesia
 p - 7 scrolls of immolation
 B - 4 scrolls of fog
 K - 2 scrolls of vulnerability
 P - a scroll of poison
 S - 3 scrolls of blinking
Potions
 b - 4 potions of invisibility
 h - 20 potions of curing
 m - 9 potions of enlightenment
 n - 2 potions of might
 q - 2 potions of berserk rage
 s - 2 potions of lignification
 u - 6 potions of attraction
 w - 5 potions of resistance
 z - a potion of haste
 C - 5 potions of heal wounds
 E - 2 potions of ambrosia
 Q - 3 potions of cancellation
 U - a potion of brilliance
Miscellaneous
 A - a tin of tremorstones (2/2)
 I - a box of beasts
 L - a phial of floods
 N - a phantom mirror
 R - a lightning rod (4/4)


   Skills:
 - Level 10.0 Fighting
 - Level 10.0 Dodging
 - Level 10.0 Stealth
 + Level 16.8 Spellcasting
 - Level 7.0 Hexes
 * Level 15.0 Summonings
 - Level 26.1 Necromancy
 - Level 5.0 Fire Magic
 - Level 7.0 Air Magic
 + Level 11.4 Shapeshifting


You had 2 spell levels left.
You knew the following spells:

 Your Spells              Type           Power      Damage    Failure   Level
a - Apportation           Tloc           54%        N/A       1%          1
b - Shock                 Conj/Air       100%       1d9       1%          1
d - Summon Blazeheart Go  Fire/Summ      96%        N/A       1%          4
e - Summon Lightning Spi  Summ/Air       79%        N/A       1%          4
f - Summon Mana Viper     Hex/Summ       79%        N/A       1%          5
i - Summon Hydra          Summ           45%        N/A       2%          7
A - Animate Dead          Necr           100%       N/A       0%          4
D - Death Channel         Necr           58%        N/A       0%          6
H - Haunt                 Necr/Summ      52%        N/A       1%          7
I - Infestation           Necr           58%        N/A       1%          8
N - Anguish               Hex/Necr       47%        N/A       0%          4

Your spell library contained the following spells:

 Spells                   Type           Power      Damage    Failure   Level
 Kiss of Death            Conj/Necr      100%       2d13      0%          1
 Summon Small Mammal      Summ           100%       N/A       0%          1
 Call Imp                 Summ           100%       N/A       0%          2
 Sublimation of Blood     Necr           100%       N/A       0%          2
 Foxfire                  Conj/Fire      100%       2x1d9     1%          1
 Magic Dart               Conj           100%       1d8       1%          1
 Cigotuvi's Dreadful Rot  Necr/Alch/Air  100%       N/A       1%          2
 Ensorcelled Hibernation  Hex/Ice        100%       N/A       1%          2
 Jinxbite                 Hex            100%       N/A       1%          2
 Blink                    Tloc           54%        N/A       2%          2
 Lesser Beckoning         Tloc           54%        N/A       2%          2
 Momentum Strike          Conj/Tloc      54%        3d9       2%          2
 Searing Ray              Conj           54%        2d6       2%          2
 Call Canine Familiar     Summ           91%        N/A       0%          3
 Vampiric Draining        Necr           100%       2d13      0%          3
 Dispel Undead            Necr           100%       3d31      0%          4
 Martyr's Knell           Necr/Summ      100%       N/A       0%          4
 Dazzling Flash           Conj/Hex       100%       N/A       1%          3
 Sigil of Binding         Hex            65%        N/A       1%          3
 Summon Ice Beast         Ice/Summ       67%        N/A       1%          3
 Swiftness                Air            65%        N/A       1%          3
 Volatile Blastmotes      Fire/Tloc      100%       2d18      1%          3
 Airstrike                Air            32%        2d(5-21)  1%          4
 Cause Fear               Hex            32%        N/A       1%          4
 Borgnjor's Vile Clutch   Necr/Erth      42%        N/A       1%          5
 Summon Forest            Summ/Tloc      33%        N/A       1%          5
 Summon Cactus Giant      Summ           45%        N/A       1%          6
 Borgnjor's Revivificati  Necr           58%        N/A       1%          8
 Silence                  Hex/Air        32%        N/A       2%          5
 Monstrous Menagerie      Summ           45%        N/A       2%          7
 Death's Door             Necr           58%        N/A       3%          9
 Gell's Gravitas          Tloc           27%        N/A       4%          3
 Hailstorm                Conj/Ice       27%        3d8       4%          3
 Passwall                 Erth           27%        N/A       4%          3
 Teleport Other           Tloc           27%        N/A       4%          3
 Flame Wave               Conj/Fire      60%        2d14      4%          4
 Yara's Violent Unravell  Hex/Alch       25%        3d11      10%         5
 Fulminant Prism          Conj/Alch      13%        3d9       14%         4
 Passage of Golubria      Tloc           27%        N/A       14%         4
 Petrify                  Alch/Erth      27%        N/A       14%         4
 Fireball                 Conj/Fire      30%        3d13      14%         5
 Plasma Beam              Fire/Air       39%        2x1d53    19%         6
 Alistair's Intoxication  Alch           18%        N/A       36%         5
 Irradiate                Conj/Alch      13%        3d16      36%         5
 Spellforged Servitor     Conj/Summ      33%        N/A       50%         7
 Enfeeble                 Hex            32%        N/A       56%         7
 Starburst                Conj/Fire      30%        6d9       61%         6
 Dispersal                Tloc           13%        N/A       91%         6
 Dragon's Call            Summ           45%        N/A       97%         9
 Maxwell's Capacitive Co  Air            32%        ∞         99%         8
 Lehudib's Crystal Spear  Conj/Erth      13%        10d5      100%        8
 Dimensional Bullseye     Hex/Tloc       Unusable   N/A       N/A         4

Dungeon Overview and Level Annotations

Branches:
Dungeon (15/15)            Temple (1/1) D:4            Lair (5/5) D:9
 Shoals (4/4) Lair:3        Snake (4/4) Lair:3        Slime (5/5) Lair:4
    Orc (2/2) D:9             Elf (2/3) Orc:2        Vaults (4/5) D:13
  Crypt (0/3) Vaults:3     Depths (0/4) D:15        Gauntlet (visited)

Altars:
Ashenzari
Cheibriados
Dithmenos
Elyvilon
Fedhas
Gozag
Hepliaklqana
Kikubaaqudgha
Makhleb
Nemelex Xobeh
Okawaru
Qazlal
Ru
Sif Muna
Trog
Uskayaw
Vehumet
Wu Jian
Xom
Yredelemnul
Zin
The Shining One
Beogh
Jiyva

Shops:
D:2 [   D:6 ?   D:9 =   D:12 *   Orc:1 (   Orc:2 [*(:   Elf:1 =::   Elf:2 **(
Shoals:1 [   Shoals:3 **   Snake:1 (   Snake:2 !   Snake:3 *   Vaults:2 *
Vaults:4 *

Annotations:
Snake:2 6 transporters
Slime:5 Royal Jelly


Innate Abilities, Weirdness & Mutations

You have blades for front paws.
((You have sharp claws.))
You have razor-sharp teeth.
You have supernaturally acute eyesight. (SInv)
Your thick and shaggy fur keeps you warm. (AC +3, rC+)
((Your paws help you pounce on unaware monsters.))
You are incapable of wielding weapons or throwing items.
You cannot wear armour.
You gain extra lives every three experience levels.
You have a pair of horns on your head.
You are strong-willed. (Will+)
A frigid envelope surrounds you and freezes all who hurt you.
You passively map a large area around you.
Your natural rate of healing is unusually fast.
Your body has grown eyes which may confuse attackers. (Acc +3)
Armour fits poorly on your massive pseudopods.
You are covered in slimy tendrils that may disarm your opponents.
You have a small jelly attached to you that senses nearby items.


Message History

Your eight-headed hydra barely misses the +1 triple sword of electrocution. x2
The deep elf zephyrmancer hits your blazeheart golem but does no damage.
Casting: Summon Blazeheart Golem (safe; 1% risk of failure)
Confirm with . or Enter, or press ? or * to list all spells.
A five-headed hydra appears.
Your eight-headed hydra disappears in a puff of smoke!
The deep elf zephyrmancer casts a spell.
The deep elf zephyrmancer blinks!
You hit the +1 triple sword of electrocution.
The +1 triple sword of electrocution is moderately damaged.
The +1 triple sword of electrocution closely misses you.
Your five-headed hydra closely misses the +1 triple sword of electrocution.
Your five-headed hydra bites the +1 triple sword of electrocution.
Your five-headed hydra misses the +1 triple sword of electrocution.
Your five-headed hydra closely misses the +1 triple sword of electrocution.
Your five-headed hydra bites the +1 triple sword of electrocution but does no damage.
Your five-headed hydra bites the +1 triple sword of electrocution.
Your five-headed hydra completely misses the +1 triple sword of electrocution.
Your five-headed hydra barely misses the +1 triple sword of electrocution.
Your five-headed hydra misses the +1 triple sword of electrocution.
Your five-headed hydra completely misses the +1 triple sword of electrocution.
Your five-headed hydra barely misses the +1 triple sword of electrocution.
Your five-headed hydra misses the +1 triple sword of electrocution. x2
Your five-headed hydra bites the +1 triple sword of electrocution but does no damage. x2
The +1 triple sword of electrocution hits you!!
You shudder from the blow and a jelly pops out!
You are electrocuted!
The +1 triple sword of electrocution completely resists.
The +1 triple sword of electrocution barely misses you.
The deep elf zephyrmancer casts a spell at you.
The bolt of lightning hits you!!
You shudder from the blast and a jelly pops out!
The deep elf pyromancer gestures wildly while chanting.
Send 'em back where they came from!
Your five-headed hydra disappears in a puff of smoke!
Your quicksilver ooze dissolves into a puddle of slime!
Your rockslime shudders.
Your blazeheart golem shudders.
The +1 triple sword of electrocution hits you!!!
You die...
Jiyva sends a jelly to digest your remains.

#.......'#..........
#.......'.#)...ß....
#.......'#..........
##......'...........
##.....#...........
##.....#...........
##..J...##.....#....
#.(§...####...#.#...
#..@..## ##########
##.....####.## #.##
##...9.##...##...##
##.....e...........
*#......e...........
#......#.....(D....#
##....###...†e((..##
##..## ##.e(Ze.e.#
#... *#...DZJe.e.#


You could see a deep elf pyromancer (anguished), a deep elf zephyrmancer (ally
target), a +1 triple sword of electrocution (ally target), a friendly rockslime
(summoned) and a friendly blazeheart golem (summoned, paralysed).

Vanquished Creatures
  Rupert (Lair:4)
  2 acid blobs (Slime:5)
  A nagaraja (Snake:1)
  An azure jelly (Slime:2)
  A rockslime (Slime:5)
  2 formless jellyfish
  An ironbound preserver (Vaults:4)
  Snorg (D:11)
  A hydra (Lair:4)
  An ironbound frostheart (Vaults:2)
  2 anacondas (Snake:1)
  Erica (D:9)
  A boulder beetle (Lair:2)
  4 two-headed ogres
  A sphinx skeleton (D:15)
  A naga warrior (Snake:3)
  4 skysharks
  A skeletal warrior (D:15)
  A sixfirhy (Gauntlet)
  A mana viper (Snake:1)
  A sea snake (Snake:2)
  Pikel (D:6)
  A swamp dragon (Lair:1)
  4 deep trolls
  2 orc knights
  5 ugly things
  A harpy (Vaults:3)
  A manticore (Shoals:2)
  An oklob plant (Gauntlet)
  6 elephants
  A mana viper zombie (Snake:1)
  6 black mambas
  3 cane toads
  An efreet (D:12)
  An ice devil (D:12)
  3 komodo dragons
  A merfolk (D:8)
  8 trolls
  2 hornets
  2 polar bears
  5 blink frogs
  3 nameless horrors
  Sigmund (D:6)
  11 slime creatures
  26 yaks
  4 shadows
  3 wraiths
  3 wyverns
  A human (D:14)
  3 vampire mosquitoes (D:15)
  A human zombie (Gauntlet)
  Edmund (D:6)
  An acid dragon (D:11)
  5 water moccasins
  3 nagas
  2 black bears
  6 orc warriors
  2 blink frog zombies
  2 lemures (D:6)
  8 wolves
  5 centaurs
  A rime drake zombie (Lair:4)
  3 bullfrogs
  A wyvern zombie (Lair:3)
  A scorpion (D:6)
  3 wights
  2 yak zombies
  12 killer bees
  A spriggan zombie (Lair:5)
  3 howler monkeys (D:11)
  4 electric eels
  2 wolf zombies
  A black bear zombie (Lair:5)
  2 orc priests
  A hound (D:7)
  7 orc wizards
  A hell rat (Lair:2)
  4 naga zombies
  An ogre zombie (Orc:1)
  A hell rat zombie (Lair:2)
  4 gnolls
  An ufetubus (Gauntlet)
  9 orc zombies
  28 orcs
  An endoplasm (D:1)
  A goblin (D:2)
  2 hobgoblins
  2 quokkas
  A frilled lizard (D:3)
276 creatures vanquished.

Vanquished Creatures (collateral kills)
  Dissolution (Slime:4)
  Vashnia (Snake:3)
  Norris (Vaults:4)
  A lich (Vaults:4)
  3 sphinxes
  A kraken (Shoals:1)
  Agnes (Snake:2)
  Frances (Shoals:1)
  13 acid blobs
  A tengu reaver (Vaults:1)
  Kirke (D:14)
  Donald (Snake:3)
  16 nagarajas
  7 azure jellies
  12 rockslimes
  5 vault wardens
  A deep elf elementalist (Elf:1)
  9 ironbound preservers
  10 quicksilver oozes
  5 formless jellyfish (Slime:4)
  6 orc warlords
  4 ironbound thunderhulks
  A deep elf demonologist (Elf:1)
  A minotaur (Gauntlet)
  Azrael (Snake:3)
  2 war gargoyles
  7 dire elephants
  An ettin (Vaults:2)
  2 crystal guardians
  2 merfolk javelineers (Shoals:4)
  6 merfolk impalers
  11 yaktaur captains
  4 great orbs of eyes
  4 salamander tyrants
  2 merfolk avatars
  3 vault guards
  A catoblepas (D:14)
  The ghost of Zoisal the Eclecticist, a journeyman DEHW of Vehumet (D:14)
  4 ironbound frosthearts
  2 ogre magi
  A two-headed ogre (D:13)
  2 hydras
  8 anacondas
  4 centaur warriors
  3 alligator snapping turtles
  2 merfolk aquamancers
  4 boulder beetles
  2 death knights (Vaults:3)
  20 dancing weapons
  A satyr (Shoals:3)
  20 naga warriors
  2 tengu warriors (D:14)
  3 orc high priests
  A vampire mage (D:15)
  12 naga sharpshooters
  2 shock serpents
  3 deep elf knights (Elf:2)
  2 hell knights (Vaults:4)
  Lodul (D:13)
  3 salamander mystics
  5 skeletal warriors
  A storm dragon skeleton (D:15)
  14 deep trolls
  12 mana vipers
  14 sea snakes
  8 skysharks
  2 deep elf archers
  10 naga ritualists
  4 ironbound convokers
  10 arcanists
  2 phantasmal warriors (Vaults:3)
  A wolf spider zombie (D:14)
  5 lindwurms
  11 deep elf pyromancers
  10 harpies
  4 deep elf zephyrmancers
  4 nameless horrors
  22 ugly things
  5 necromancers
  10 orc knights
  7 cyclopes
  6 orc sorcerers
  6 shining eyes
  3 oklob plants
  6 manticores
  13 fauns
  A wolf spider (D:14)
  12 salamanders
  32 black mambas
  8 vault sentinels
  5 naga magi
  6 guardian serpents
  14 merfolk sirens
  9 water nymphs
  3 elephants
  6 cane toads
  2 eyes of devastation (Slime:5)
  A torpor snail (Lair:3)
  9 komodo dragons
  An unseen horror (D:11)
  3 kobold demonologists
  A freezing wraith (Vaults:3)
  An ice devil (D:12)
  3 tengu conjurers
  17 yaktaurs
  3 rime drakes
  A troll (D:12)
  19 merfolk
  A red devil (D:12)
  5 wind drakes
  A hellwing (D:12)
  2 hornets (Lair:5)
  A wolf spider simulacrum (D:15)
  5 polar bears (Lair:5)
  2 glass eyes
  20 blink frogs
  9 dream sheep
  5 snapping turtles
  A boulder beetle zombie (D:14)
  10 spriggans (Lair:5)
  51 slime creatures
  3 shadows
  A vampire (D:14)
  4 wraiths
  2 wyverns
  10 water elementals
  5 fire elementals
  20 yaks
  5 golden eyes (Slime:4)
  5 vampire mosquitoes
  2 wargs (Orc:2)
  A steam dragon (D:9)
  5 basilisks
  2 neqoxecs (D:12)
  A redback simulacrum (D:15)
  Menkaure (D:6)
  An acid dragon (D:8)
  26 nagas
  8 water moccasins
  4 ice beasts
  A black bear (D:7)
  21 orc warriors
  A dream sheep zombie (Lair:5)
  A sky beast (D:8)
  2 laughing skulls
  3 boggarts (Lair:5)
  40 wolves
  12 ogres
  3 centaurs
  A phantom (D:7)
  A komodo dragon zombie (Lair:4)
  2 kobold brigands (D:8)
  10 bullfrogs
  A cyclops zombie (D:14)
  A warg zombie (Orc:2)
  2 gnoll sergeants
  3 scorpions
  2 earth elementals (Elf:1)
  10 wights
  A polar bear zombie (Lair:5)
  An oklob sapling (D:13)
  14 killer bees
  5 howler monkeys
  2 wolf zombies (Lair:5)
  A basilisk zombie (Lair:5)
  2 hounds (D:6)
  12 orc priests
  A jelly (D:4)
  A gnoll bouda (D:7)
  2 iguanas
  20 orc wizards
  6 hell rats (Lair:2)
  3 ogre zombies
  2 boggart simulacra (D:14)
  9 gnolls
  11 adders
  2 shadow imps
  3 white imps
  2 dart slugs
  2 ribbon worms (D:2)
  63 orcs
  2 endoplasms
  4 goblins
  4 hobgoblins
  A quokka (D:5)
  11 ball pythons
  A frilled lizard (D:2)
  5 kobolds
  17 orc zombies
  A rat (D:3)
  A butterfly (D:4)
  2 tentacles (Shoals:1)
1154 creatures vanquished.

Vanquished Creatures (others)
  A sphinx (D:14)
  13 acid blobs
  A storm dragon (D:14)
  A nagaraja (Snake:4)
  7 rockslimes
  7 azure jellies
  2 frost giants
  11 vault wardens
  Louise (D:14)
  An orc warlord (Orc:2)
  7 ironbound preservers
  8 formless jellyfish
  8 quicksilver oozes
  2 ironbound thunderhulks
  A deep elf annihilator (Vaults:3)
  3 dire elephants
  4 rockslime zombies (Slime:5)
  A war gargoyle (Vaults:2)
  4 merfolk javelineers
  6 acid blob zombies
  4 merfolk impalers
  4 great orbs of eyes
  A hydra (D:14)
  2 salamander tyrants
  2 yaktaur captains
  7 vault guards
  3 peacekeepers
  A sphinx zombie (D:14)
  A merfolk aquamancer (Shoals:3)
  5 anacondas
  2 ogre magi
  An ironbound frostheart (Vaults:1)
  A naga warrior (Snake:1)
  4 azure jelly zombies
  A tengu warrior (D:15)
  3 quicksilver ooze zombies
  A naga sharpshooter (Snake:4)
  A storm dragon zombie (D:14)
  2 shock serpents
  9 deep elf knights
  A hell knight (Vaults:4)
  A skeletal warrior (D:14)
  2 salamander mystics
  2 sea snakes
  A mana viper (Snake:2)
  3 anaconda zombies
  A swamp dragon (Lair:1)
  3 ironbound convokers
  10 deep trolls
  6 deep elf archers
  7 orc knights
  4 harpies
  2 arcanists
  5 deep elf pyromancers
  2 lindwurms
  2 orc sorcerers (Orc:2)
  An ugly thing zombie (Vaults:2)
  8 deep elf zephyrmancers
  A wolf spider (D:14)
  2 fauns (Shoals:2)
  4 ugly things
  A faun (shapeshifter) (Elf:1)
  A centaur zombie (D:15)
  A cyclops (D:14)
  6 manticores
  21 elf zombies
  A meliai (D:14)
  6 salamanders
  3 guardian serpents
  A naga mage (Snake:4)
  4 formless jellyfish zombies
  A mana viper zombie (Snake:1)
  A shock serpent zombie (Snake:1)
  5 vault sentinels
  4 black mambas
  2 water nymphs
  A komodo dragon (Lair:4)
  A cane toad (Lair:1)
  2 efreet
  A hydra zombie (D:14)
  19 yaktaurs
  A great orb of eyes zombie (Slime:3)
  A merfolk zombie (Shoals:4)
  2 hornets (D:13)
  A merfolk (Shoals:4)
  A wind drake (Shoals:4)
  A troll (Orc:1)
  3 harpy zombies
  A polar bear (Lair:5)
  2 guardian serpent zombies
  4 dream sheep
  10 human zombies
  A snapping turtle (Shoals:3)
  A boulder beetle zombie (D:15)
  46 slime creatures
  2 spriggans (Lair:5)
  8 black mamba zombies
  2 humans (D:14)
  A warg (Orc:2)
  19 slime creature zombies
  A redback simulacrum (D:13)
  2 skyshark zombies (Vaults:4)
  4 deep troll zombies
  8 nagas
  2 hell hounds (Snake:3)
  A water moccasin (D:13)
  4 blink frog zombies
  10 orc warriors
  3 laughing skulls (D:13)
  5 ogres
  2 dream sheep zombies
  2 wolves
  2 manticore zombies
  2 boggarts (Lair:5)
  A torpor snail zombie (Lair:3)
  A rime drake zombie (Lair:3)
  6 yaktaur zombies
  7 salamander zombies
  A warg zombie (Orc:2)
  A cyclops zombie (D:15)
  A water moccasin zombie (Lair:5)
  A spriggan zombie (Lair:5)
  11 yak zombies
  121 jellies
  10 wolf zombies
  8 orc priests
  5 orc wizards
  A boggart zombie (Lair:5)
  7 ogre zombies
  11 naga zombies
  5 hell rat zombies (Lair:2)
  An adder (D:13)
  An ufetubus (Gauntlet)
  4 adder zombies (D:13)
  12 orcs
  A ball python (D:13)
  A jackal (D:13)
  3 ball python zombies (D:13)
  49 orc zombies
  142 blazeheart cores
  3 tentacles (Shoals:1)
864 creatures vanquished.

Grand Total: 2294 creatures vanquished

Notes
Turn   | Place    | Note
-------+----------+-------------------------------------------
     0 | D:1      | croobank the Felid Summoner began the quest for the Orb.
     0 | D:1      | Reached XP level 1. HP: 9/9 MP: 4/4
   165 | D:1      | Reached XP level 2. HP: 13/13 MP: 3/6
   168 | D:1      | Learned a level 2 spell: Call Imp
   801 | D:2      | Upgraded the game from 0.32-a0-422-g28b100f618 to
                  | 0.32-a0-433-g08bcfe7efd
  1030 | D:2      | Reached XP level 3. HP: 17/17 MP: 2/7
  1034 | D:2      | Learned a level 3 spell: Call Canine Familiar
  1213 | D:2      | You fall into a shaft and drop 1 floor!
  1223 | D:3      | Reached skill level 1 in Fighting
  1442 | D:2      | Found a snail-covered altar of Cheibriados.
  1655 | D:2      | Found Wuthrasm's Antique Armour Shop.
  1771 | D:3      | Found an iron altar of Okawaru.
  1953 | D:3      | Found a faded altar of an unknown god.
  2039 | D:3      | Found a glowing silver altar of Zin.
  2042 | D:3      | Found a snail-covered altar of Cheibriados.
  2218 | D:3      | Reached XP level 4. HP: 22/22 MP: 4/8
  2218 | D:3      | Gained a life (2 lives remaining)
  3014 | D:3      | Reached XP level 5. HP: 16/26 MP: 1/10
  3415 | D:4      | Found a staircase to the Ecumenical Temple.
  3777 | Temple   | Entered the Ecumenical Temple
  3804 | Temple   | Became a worshipper of Kikubaaqudgha
  4473 | D:5      | Entered Level 5 of the Dungeon
  4654 | D:5      | Gained mutation: You are covered in thick fur. (AC +2)
                  | [Felid growth]
  4654 | D:5      | Reached XP level 6. HP: 25/30 MP: 4/11
  4740 | D:5      | Reached skill level 5 in Stealth
  4740 | D:5      | Reached skill level 5 in Summonings
  5570 | D:6      | Reached skill level 5 in Dodging
  5576 | D:6      | Reached XP level 7. HP: 22/35 MP: 9/13
  5581 | D:6      | Learned a level 4 spell: Summon Blazeheart Golem
  5804 | D:6      | Noticed Sigmund
  6107 | D:6      | Found Mudacerr's Magic Scroll Emporium.
  6119 | D:6      | Bought 3 scrolls of teleportation for 117 gold pieces
  6119 | D:6      | Bought a scroll of amnesia for 52 gold pieces
  6119 | D:6      | Bought a scroll of identify for 26 gold pieces
  6152 | D:6      | Noticed Edmund
  6155 | D:6      | Noticed a nameless horror
  6169 | D:6      | Killed a nameless horror
  6317 | D:7      | Reached * piety under Kikubaaqudgha
  6317 | D:7      | Received a gift from Kikubaaqudgha
  6318 | D:7      | Reached skill level 1 in Fire Magic
  6628 | D:6      | Reached XP level 8. HP: 12/42 MP: 1/15
  6761 | D:6      | Noticed Menkaure
  6762 | D:6      | Killed Edmund
  6767 | D:6      | Killed Menkaure
  7086 | D:6      | Learned a level 4 spell: Summon Lightning Spire
  7099 | D:6      | Noticed a nameless horror
  7119 | D:6      | Shot with an arrow by a centaur
  7119 | D:6      | Lost a life (1 life remaining)
  7478 | D:7      | Found a basalt altar of Yredelemnul.
  7819 | D:7      | Reached XP level 9. HP: 46/46 MP: 11/17
  7819 | D:7      | Gained a life (2 lives remaining)
  8370 | D:8      | Reached skill level 5 in Spellcasting
  8986 | D:8      | Reached skill level 5 in Fighting
  9303 | D:8      | Reached ** piety under Kikubaaqudgha
  9649 | D:8      | Found a stormy altar of Qazlal.
  9687 | D:8      | Noticed a merfolk
  9899 | D:8      | Noticed a nameless horror
  9910 | D:8      | Killed a nameless horror
 10296 | D:8      | Killed a merfolk
 10297 | D:8      | Reached skill level 5 in Fire Magic
 10839 | D:8      | Found a bloodstained altar of Trog.
 11296 | D:6      | Reached XP level 10. HP: 46/53 MP: 13/19
 11945 | D:6      | Noticed a nameless horror
 11957 | D:6      | Killed a nameless horror
 12024 | D:6      | Killed Sigmund
 12481 | D:6      | Noticed Pikel
 12489 | D:6      | Killed Pikel
 13208 | D:9      | Reached skill level 1 in Air Magic
 13764 | D:9      | Found Idweuvop's Jewellery Boutique.
 13767 | D:9      | Noticed Erica
 13796 | D:9      | Killed Erica
 13796 | D:9      | Reached *** piety under Kikubaaqudgha
 13796 | D:9      | Received a gift from Kikubaaqudgha
 13797 | D:9      | Reached skill level 10 in Stealth
 13920 | D:9      | Bought an amulet of reflection for 390 gold pieces
 13925 | D:9      | Found a staircase to the Orcish Mines.
 14033 | D:9      | Found a staircase to the Lair.
 14053 | D:9      | Reached skill level 1 in Hexes
 14516 | D:10     | Entered Level 10 of the Dungeon
 14535 | D:10     | Reached XP level 11. HP: 31/58 MP: 15/22
 14647 | D:10     | Found a hide-covered altar of Uskayaw.
 15021 | D:10     | Found a glowing golden altar of the Shining One.
 15052 | D:10     | Found a blossoming altar of Fedhas.
 15264 | D:10     | Noticed a two-headed ogre
 15278 | D:10     | Killed a two-headed ogre
 15278 | D:10     | Reached **** piety under Kikubaaqudgha
 16031 | D:11     | Reached skill level 10 in Dodging
 16223 | D:11     | Noticed Snorg
 16246 | D:11     | HP: 2/58 [Snorg (12)]
 16247 | D:11     | Demolished by Snorg
 16247 | D:11     | Lost a life (1 life remaining)
 16689 | D:11     | Reached skill level 5 in Air Magic
 16871 | D:11     | Noticed a white ugly thing
 16887 | D:11     | Killed a white ugly thing
 16964 | D:11     | Reached skill level 5 in Hexes
 17204 | D:11     | Noticed a two-headed ogre
 17212 | D:11     | Killed a two-headed ogre
 17438 | D:11     | Killed Snorg
 17492 | D:11     | HP: 3/60 [centaur/+0 quarterstaff (10)]
 17937 | D:11     | Gained mutation: Your thick and shaggy fur keeps you warm.
                  | (AC +3, rC+) [Felid growth]
 17937 | D:11     | Reached XP level 12. HP: 64/64 MP: 19/24
 17937 | D:11     | Gained a life (2 lives remaining)
 17999 | D:11     | Learned a level 5 spell: Summon Mana Viper
 18404 | D:12     | Found Geelery's General Store.
 18732 | D:12     | Bought 3 scrolls of identify for 84 gold pieces
 18732 | D:12     | Bought a wand of flame (11) for 107 gold pieces
 20044 | D:13     | Noticed a two-headed ogre
 20045 | D:13     | Found a gate to the Vaults.
 20045 | D:13     | Noticed a two-headed ogre
 20050 | D:13     | Noticed an ogre mage
 20062 | D:13     | Killed a two-headed ogre
 20065 | D:13     | Killed a two-headed ogre
 20079 | D:13     | Reached ***** piety under Kikubaaqudgha
 20209 | Lair:1   | Entered Level 1 of the Lair of Beasts
 20681 | Lair:1   | Reached skill level 10 in Summonings
 20995 | Lair:1   | Found a transporter.
 21598 | Lair:1   | Reached skill level 1 in Necromancy
 21615 | Lair:1   | Reached XP level 13. HP: 72/72 MP: 10/27
 22312 | Lair:1   | Found a transporter.
 22421 | Lair:2   | Reached skill level 2 in Necromancy
 22455 | Lair:2   | Reached skill level 10 in Fighting
 22821 | Lair:2   | Learned a level 4 spell: Animate Dead
 22826 | Lair:2   | Learned a level 4 spell: Anguish
 23464 | Lair:2   | Found an opulent altar of Gozag.
 23538 | Lair:2   | Found a hide-covered altar of Uskayaw.
 23540 | Lair:2   | Found an ornate altar of the Wu Jian Council.
 23554 | Lair:2   | Reached skill level 3 in Necromancy
 24141 | Lair:3   | Reached skill level 4 in Necromancy
 24183 | Lair:3   | Reached skill level 10 in Spellcasting
 24874 | Lair:3   | Reached skill level 5 in Necromancy
 25153 | Lair:3   | Found a staircase to the Shoals.
 25195 | Lair:3   | Reached skill level 6 in Necromancy
 25205 | Lair:3   | Reached ****** piety under Kikubaaqudgha
 25625 | Lair:3   | Reached skill level 7 in Necromancy
 25625 | Lair:3   | Received a gift from Kikubaaqudgha (forbidden knowledge)
 25678 | Lair:3   | Found a staircase to the Snake Pit.
 26019 | Lair:4   | Noticed Rupert
 26035 | Lair:4   | Killed Rupert
 26502 | Lair:4   | Reached XP level 14. HP: 77/77 MP: 17/29
 26619 | Lair:4   | Found a staircase to the Slime Pits.
 26620 | Lair:4   | Found a viscous altar of Jiyva.
 26628 | Lair:4   | Reached skill level 8 in Necromancy
 26660 | Lair:4   | Learned a level 6 spell: Death Channel
 26834 | D:9      | Bought a ring of positive energy for 260 gold pieces
 27011 | Lair:4   | Identified 2 scrolls of acquirement
 27011 | Lair:4   | Acquired the amulet of the Chupacabra {rF- Regen+ Int+5
                  | Slay+4}
 27012 | Lair:4   | Acquired the ring "Quim" {AC+4 Int+5}
 27031 | Slime:1  | Entered Level 1 of the Pits of Slime
 27031 | Slime:1  | Noticed an acid blob
 27039 | Slime:1  | Killed an acid blob
 27046 | Slime:1  | Noticed an azure jelly
 27052 | Slime:1  | Killed an azure jelly
 27059 | Slime:1  | Noticed a rockslime
 27070 | Slime:1  | Killed a rockslime
 27071 | Slime:1  | Noticed a rockslime
 27079 | Slime:1  | Killed a rockslime
 27287 | Slime:2  | Noticed an acid blob
 27292 | Slime:2  | Killed an acid blob
 27293 | Slime:2  | Reached skill level 9 in Necromancy
 27379 | Slime:1  | Noticed an azure jelly
 27382 | Slime:1  | Noticed a formless jellyfish
 27382 | Slime:1  | Noticed an azure jelly
 27393 | Slime:1  | Killed an azure jelly
 27394 | Slime:1  | Noticed a rockslime
 27402 | Slime:1  | Killed a rockslime
 27531 | Slime:3  | Noticed a quicksilver ooze
 27534 | Slime:3  | Noticed a rockslime
 27537 | Slime:3  | Killed a quicksilver ooze
 27575 | Slime:3  | Noticed a quicksilver ooze
 27578 | Slime:3  | Noticed a quicksilver ooze
 27579 | Slime:3  | Killed a rockslime
 27582 | Slime:3  | Killed a quicksilver ooze
 27585 | Slime:3  | Reached skill level 10 in Necromancy
 27585 | Slime:3  | Killed a quicksilver ooze
 27641 | Slime:3  | Noticed a quicksilver ooze
 27645 | Slime:3  | Killed a quicksilver ooze
 27657 | Slime:3  | Noticed an acid blob
 27665 | Slime:3  | Killed an acid blob
 27804 | Slime:2  | Noticed a rockslime
 27812 | Slime:2  | Noticed an azure jelly
 27812 | Slime:2  | Noticed a formless jellyfish
 27812 | Slime:2  | Noticed a quicksilver ooze
 27818 | Slime:2  | Killed a quicksilver ooze
 27820 | Slime:2  | Killed a rockslime
 27821 | Slime:2  | Reached skill level 11 in Necromancy
 27823 | Slime:2  | Noticed a rockslime
 27840 | Slime:2  | Killed a rockslime
 28014 | Slime:2  | Noticed a rockslime
 28023 | Slime:2  | Killed a rockslime
 28031 | Slime:2  | Noticed an acid blob
 28035 | Slime:2  | Killed an acid blob
 28036 | Slime:2  | Reached skill level 12 in Necromancy
 28137 | Slime:4  | Noticed Dissolution
 28282 | Slime:4  | Noticed a formless jellyfish
 28282 | Slime:4  | Noticed a formless jellyfish
 28282 | Slime:4  | Noticed a formless jellyfish
 28286 | Slime:4  | Paralysed by a formless jellyfish for 1 turns
 28289 | Slime:4  | Paralysed by a formless jellyfish for 1 turns
 28289 | Slime:4  | Killed a formless jellyfish
 28291 | Slime:4  | Killed a formless jellyfish
 28292 | Slime:4  | Killed a formless jellyfish
 28293 | Slime:4  | Reached XP level 15. HP: 18/80 MP: 15/32
 28294 | Slime:4  | Noticed an acid blob
 28296 | Slime:4  | Noticed an azure jelly
 28299 | Slime:4  | Killed an acid blob
 28300 | Slime:4  | Killed an azure jelly
 28346 | Slime:4  | Noticed an azure jelly
 28355 | Slime:4  | Killed an azure jelly
 28363 | Slime:4  | Reached skill level 13 in Necromancy
 28365 | Slime:4  | Noticed a rockslime
 28366 | Slime:4  | Noticed an azure jelly
 28377 | Slime:4  | Killed Dissolution
 28396 | Slime:4  | Reached skill level 14 in Necromancy
 28504 | Slime:4  | Noticed an azure jelly
 28534 | Slime:4  | Killed an azure jelly
 29153 | Slime:5  | Entered Level 5 of the Pits of Slime
 29481 | Slime:5  | Noticed a rockslime
 29481 | Slime:5  | Noticed a rockslime
 29483 | Slime:5  | Noticed a rockslime
 29483 | Slime:5  | Noticed a rockslime
 29484 | Slime:5  | Killed a rockslime
 29486 | Slime:5  | Killed a rockslime
 29491 | Slime:5  | Reached skill level 15 in Necromancy
 29492 | Slime:5  | Noticed a rockslime
 29492 | Slime:5  | Noticed a rockslime
 29497 | Slime:5  | Killed a rockslime
 29498 | Slime:5  | Killed a rockslime
 29533 | Slime:5  | Noticed an acid blob
 29538 | Slime:5  | Noticed an acid blob
 29538 | Slime:5  | Noticed an acid blob
 29540 | Slime:5  | Killed an acid blob
 29544 | Slime:5  | Killed an acid blob
 29545 | Slime:5  | Killed an acid blob
 29548 | Slime:5  | Noticed an acid blob
 29552 | Slime:5  | Noticed an acid blob
 29554 | Slime:5  | Noticed an acid blob
 29561 | Slime:5  | Noticed the Royal Jelly
 29563 | Slime:5  | Killed an acid blob
 29574 | Slime:5  | Killed an acid blob
 29575 | Slime:5  | Reached skill level 16 in Necromancy
 29596 | Slime:5  | Noticed a rockslime
 29683 | Slime:5  | Noticed an acid blob
 29740 | Slime:5  | Gained mutation: You are occasionally teleported next to
                  | monsters. [a shining eye]
 29764 | Slime:5  | Killed an acid blob
 29774 | Slime:5  | Found a viscous altar of Jiyva.
 29797 | Slime:5  | Noticed an acid blob
 29805 | Slime:5  | Killed an acid blob
 29810 | Slime:5  | Noticed an acid blob
 29813 | Slime:5  | Gained mutation: You are often teleported next to monsters.
                  | [a shining eye]
 29815 | Slime:5  | Gained mutation: You occasionally lose the ability to read
                  | scrolls when taking damage. [a shining eye]
 29816 | Slime:5  | Lost mutation: You occasionally lose the ability to read
                  | scrolls when taking damage. [potion of mutation]
 29816 | Slime:5  | Lost mutation: You are often teleported next to monsters.
                  | [potion of mutation]
 29816 | Slime:5  | Lost mutation: You are occasionally teleported next to
                  | monsters. [potion of mutation]
 29816 | Slime:5  | Gained mutation: You are robust. (+10% HP) [potion of
                  | mutation]
 29816 | Slime:5  | Gained mutation: You have hidden genetic defects. [potion
                  | of mutation]
 29816 | Slime:5  | Gained mutation: Your flesh is cold resistant. (rC+)
                  | [potion of mutation]
 29816 | Slime:5  | Killed an acid blob
 29819 | Slime:5  | Lost mutation: You are robust. (+10% HP) [a shining eye]
 29822 | Slime:5  | Gained mutation: Your spells are a little easier to cast,
                  | but a little less powerful. [a shining eye]
 29823 | Slime:5  | Fell from the grace of Kikubaaqudgha
 29823 | Slime:5  | Became a worshipper of Jiyva Jysh the Shapeless
 29936 | Slime:5  | Found the +2 hood of the Assassin {Detect Stab+ Stlth++}
 30602 | Lair:4   | Reached XP level 16. HP: 85/85 MP: 16/33
 30630 | Lair:4   | Reached * piety under Jiyva
 30855 | Lair:5   | Entered Level 5 of the Lair of Beasts
 30860 | Lair:5   | Found a gate leading to a gauntlet.
 30877 | Lair:5   | Learned a level 7 spell: Haunt
 30878 | Gauntlet | Entered a Gauntlet
 30878 | Gauntlet | Found a transporter.
 30878 | Gauntlet | Found a transporter.
 30879 | Gauntlet | Found a transporter.
 30888 | Gauntlet | Found a transporter.
 30920 | Gauntlet | Found a transporter.
 30935 | Gauntlet | Found a transporter.
 30945 | Gauntlet | Found a transporter.
 30960 | Gauntlet | Found a transporter.
 30962 | Gauntlet | Found a large runed translucent door.
 30963 | Gauntlet | Found a large runed translucent door.
 30964 | Gauntlet | Found a large runed translucent door.
 30964 | Gauntlet | Found a large runed translucent door.
 30965 | Gauntlet | Found a runed translucent gate.
 30966 | Gauntlet | Found a transporter.
 30966 | Gauntlet | Found a runed translucent gate.
 30967 | Gauntlet | Found a runed translucent gate.
 30968 | Gauntlet | Found a large runed translucent door.
 30969 | Gauntlet | Found a large runed translucent door.
 30970 | Gauntlet | Found a large runed translucent door.
 30974 | Gauntlet | Found a large runed translucent door.
 30977 | Gauntlet | Found a large runed translucent door.
 30977 | Gauntlet | Found a large runed translucent door.
 30977 | Gauntlet | Found a runed translucent door.
 30977 | Gauntlet | Found a runed translucent door.
 30978 | Gauntlet | Found a large runed translucent door.
 30979 | Gauntlet | Found a large runed translucent door.
 30993 | Gauntlet | Found a large runed translucent door.
 30993 | Gauntlet | Found a large runed translucent door.
 30994 | Gauntlet | Found a large runed translucent door.
 30995 | Gauntlet | Found a large runed translucent door.
 31008 | Gauntlet | Found a transporter.
 31008 | Gauntlet | Found a transporter.
 31020 | Gauntlet | Found a transporter.
 31427 | Gauntlet | Got the Book of Attacks and the Traveller
 31515 | Lair:5   | Reached ** piety under Jiyva
 31630 | Lair:5   | Reached skill level 17 in Necromancy
 31669 | Lair:5   | Gained mutation: You are weak. (Str -2) [hidden defects]
 31671 | Lair:5   | Lost mutation: Your spells are a little easier to cast, but
                  | a little less powerful. [potion of mutation]
 31671 | Lair:5   | Lost mutation: Your flesh is cold resistant. (rC+) [potion
                  | of mutation]
 31671 | Lair:5   | Lost mutation: You are weak. (Str -2) [potion of mutation]
 31671 | Lair:5   | Lost mutation: You have hidden genetic defects. [potion of
                  | mutation]
 31876 | Lair:5   | Upgraded the game from 0.32-a0-433-g08bcfe7efd to
                  | 0.32-a0-450-g080537f31e
 32318 | Lair:5   | Reached *** piety under Jiyva
 32355 | Lair:5   | Gained mutation: Your flesh is heat resistant. (rF+)
                  | [Jiyva's grace]
 32355 | Lair:5   | Gained mutation: Your flesh is very heat resistant. (rF++)
                  | [Jiyva's grace]
 32355 | Lair:5   | Gained mutation: Your flesh is almost immune to the effects
                  | of heat. (rF+++) [Jiyva's grace]
 32355 | Lair:5   | Gained mutation: You have a small jelly attached to you
                  | that senses nearby items. [Jiyva's grace]
 32464 | Lair:5   | Identified the +1 glaive of Disorder {antimagic, Dex+4
                  | Stlth+}
 33173 | Orc:1    | Entered Level 1 of the Orcish Mines
 33600 | Orc:1    | Found Jidirgh's Weapon Shoppe.
 33770 | Orc:1    | Reached **** piety under Jiyva
 33841 | Orc:1    | Found a roughly hewn altar of Beogh.
 34045 | Orc:2    | Entered Level 2 of the Orcish Mines
 34113 | Orc:2    | Found a staircase to the Elven Halls.
 34176 | Orc:2    | Demolished by an orc knight
 34176 | Orc:2    | Lost a life (1 life remaining)
 34401 | Orc:2    | Reached skill level 18 in Necromancy
 34426 | Orc:2    | Found a roughly hewn altar of Beogh.
 34430 | Orc:2    | Found Taanlomp's Book Emporium.
 34532 | Orc:2    | Found Afescholl's General Store.
 34538 | Orc:2    | Bought a scroll of revelation for 82 gold pieces
 34538 | Orc:2    | Bought a potion of heal wounds for 55 gold pieces
 34538 | Orc:2    | Bought a wand of mindburst (7) for 107 gold pieces
 34625 | Orc:2    | Found Foijat's Antique Armour Emporium.
 34639 | Orc:2    | Lost mutation: Your flesh is almost immune to the effects
                  | of heat. (rF+++) [Jiyva's grace]
 34639 | Orc:2    | Gained mutation: You are somewhat resistant to further
                  | mutation. [Jiyva's grace]
 34639 | Orc:2    | Gained mutation: You are somewhat resistant to both further
                  | mutation and mutation removal. [Jiyva's grace]
 34639 | Orc:2    | Gained mutation: You are almost entirely resistant to
                  | further mutation and mutation removal. [Jiyva's grace]
 34639 | Orc:2    | Gained mutation: You possess an exceptional clarity of
                  | mind. [Jiyva's grace]
 34642 | Orc:2    | Reached ***** piety under Jiyva
 34820 | Orc:2    | Found Neodian's Antique Weapon Emporium.
 35299 | D:13     | Found a roughly hewn altar of Beogh.
 35386 | D:13     | Noticed Lodul
 35390 | D:13     | Killed Lodul
 35441 | D:13     | Got Rotiq's Cyclopedia of Nature
 35452 | D:13     | Your ally Lodul died
 36061 | D:14     | Found a blossoming altar of Fedhas.
 36142 | D:14     | Noticed a storm dragon
 36148 | D:14     | Killed a storm dragon
 36167 | D:14     | Noticed a sphinx
 36173 | D:14     | Killed a sphinx
 36233 | D:14     | Noticed Louise
 36250 | D:14     | Killed Louise
 36405 | D:14     | Noticed Kirke
 36415 | D:14     | Killed Kirke
 36447 | D:14     | Reached XP level 17. HP: 89/89 MP: 17/34
 36447 | D:14     | Gained a life (2 lives remaining)
 36564 | D:14     | Identified the +6 plate armour of the Sea {+Blink rC+
                  | Stlth+}
 36658 | D:14     | Found a runed translucent door.
 36664 | D:14     | Noticed Zoisal's ghost (journeyman DEHW)
 36691 | D:14     | Killed Zoisal's ghost
 36794 | D:15     | Entered Level 15 of the Dungeon
 36987 | D:15     | Lost mutation: You possess an exceptional clarity of mind.
                  | [Jiyva's grace]
 36987 | D:15     | Lost mutation: Your flesh is very heat resistant. (rF++)
                  | [Jiyva's grace]
 36987 | D:15     | Lost mutation: You are almost entirely resistant to further
                  | mutation and mutation removal. [Jiyva's grace]
 36987 | D:15     | Gained mutation: Your system is resistant to poisons.
                  | (rPois) [Jiyva's grace]
 36987 | D:15     | Gained mutation: You are covered in slimy tendrils that may
                  | disarm your opponents. [Jiyva's grace]
 36987 | D:15     | Gained mutation: Your melee attacks may engulf your foes in
                  | ooze. [Jiyva's grace]
 36987 | D:15     | Gained mutation: A frigid envelope surrounds you and
                  | freezes all who hurt you. [Jiyva's grace]
 37259 | D:15     | Found a staircase to the Depths.
 37269 | D:15     | Reached skill level 19 in Necromancy
 37923 | Lair:1   | Was forgiven by Kikubaaqudgha
 38047 | Lair:1   | Identified the ring of Noon {rPois MP+9 Str+5 Stlth+}
 38147 | Snake:1  | Entered Level 1 of the Snake Pit
 38147 | Snake:1  | Reached ****** piety under Jiyva
 38273 | Slime:5  | Got the Thoughts on the Mirage and the Singularity
 38275 | Slime:5  | Got a slimy rune of Zot
 38276 | Slime:5  | Identified the +2 leather armour "Opent" {^Drain Regen+
                  | Int+3}
 38296 | Slime:5  | Identified the ring "Wuazuimp" {Fire Int+4}
 38310 | Slime:5  | Found the +8 demon blade "Leech" {evervamp, Harm ^Drain
                  | rN+}
 38318 | Slime:5  | Identified the +6 flail of Duty {drain, Int+4}
 38320 | Slime:5  | Got the Writings on Accomplices
 38322 | Slime:5  | Identified the +5 scale mail of Zarhom {^Contam rElec Dex+5
                  | Slay-6}
 38659 | Snake:1  | Identified the +1 glaive of the Wolf {drain, Str+4}
 38975 | Snake:1  | Found Boem's Antique Weapon Shoppe.
 39303 | Snake:1  | Gained mutation: Your rubbery body absorbs attacks. (AC +1,
                  | EV +1) [Jiyva's grace]
 39303 | Snake:1  | Gained mutation: Your pliable body absorbs attacks. (AC +2,
                  | EV +2) [Jiyva's grace]
 39303 | Snake:1  | Gained mutation: Your gelatinous body deflects attacks. (AC
                  | +3, EV +3) [Jiyva's grace]
 39303 | Snake:1  | Gained mutation: You have a small jelly attached to you
                  | that may absorb projectiles. [Jiyva's grace]
 39510 | Snake:2  | Found Baycitaceg's Distillery.
 39522 | Snake:2  | Noticed Agnes
 39528 | Snake:2  | Killed Agnes
 39529 | Snake:2  | Reached skill level 20 in Necromancy
 39539 | Snake:2  | Bought a potion of invisibility for 112 gold pieces
 39539 | Snake:2  | Bought a potion of heal wounds for 70 gold pieces
 39539 | Snake:2  | Bought a potion of curing for 42 gold pieces
 39539 | Snake:2  | Bought a potion of cancellation for 112 gold pieces
 39569 | Snake:2  | Found a flickering gateway to a bazaar.
 39574 | Bazaar   | Entered a bazaar
 39582 | Bazaar   | Found Xirriehy's Book Shop.
 39582 | Bazaar   | Found Duaca's Antique Armour Shop.
 39661 | Bazaar   | Bought a book of the Dragon for 546 gold pieces
 39690 | Snake:2  | HP: 2/89 [salamander/+0 trident (14)]
 39897 | Snake:2  | Found a transporter.
 39922 | Snake:2  | Found a transporter.
 39923 | Snake:2  | Found a transporter.
 39977 | Snake:2  | Found a transporter.
 39981 | Snake:2  | Found a transporter.
 40102 | Snake:2  | Found a transporter.
 40135 | Snake:2  | Reached XP level 18. HP: 93/93 MP: 37/37
 40532 | Snake:3  | Learned a level 8 spell: Infestation
 40553 | Snake:3  | Reached skill level 21 in Necromancy
 40555 | Snake:3  | Noticed Vashnia
 40580 | Snake:3  | Killed Vashnia
 40664 | Snake:3  | Found Xigrut's General Store.
 40678 | Snake:3  | Bought a scroll of identify for 30 gold pieces
 40678 | Snake:3  | Bought a potion of cancellation for 120 gold pieces
 40678 | Snake:3  | Bought a potion of heal wounds for 75 gold pieces
 40678 | Snake:3  | Lost mutation: Your gelatinous body deflects attacks. (AC
                  | +3, EV +3) [Jiyva's grace]
 40678 | Snake:3  | Lost mutation: Your pliable body absorbs attacks. (AC +2,
                  | EV +2) [Jiyva's grace]
 40678 | Snake:3  | Lost mutation: You are covered in slimy tendrils that may
                  | disarm your opponents. [Jiyva's grace]
 40678 | Snake:3  | Gained mutation: You are strong-willed. (Will+) [Jiyva's
                  | grace]
 40678 | Snake:3  | Gained mutation: You are highly strong-willed. (Will++)
                  | [Jiyva's grace]
 40678 | Snake:3  | Gained mutation: You are extremely strong-willed. (Will+++)
                  | [Jiyva's grace]
 40678 | Snake:3  | Gained mutation: Your flesh is cold resistant. (rC+)
                  | [Jiyva's grace]
 40738 | Snake:3  | Noticed Azrael
 40744 | Snake:3  | Killed Azrael
 40763 | Snake:3  | Noticed Donald
 40767 | Snake:3  | Killed Donald
 41195 | Snake:4  | Entered Level 4 of the Snake Pit
 41306 | Snake:4  | Reached skill level 22 in Necromancy
 41622 | Snake:4  | Identified the +4 shortbow of Contradiction {drain, Int+3}
 41823 | Snake:4  | Reached skill level 23 in Necromancy
 41979 | Snake:4  | Reached XP level 19. HP: 98/98 MP: 26/38
 42018 | Snake:4  | Got a serpentine rune of Zot
 42507 | Elf:1    | Entered Level 1 of the Elven Halls
 42654 | Shoals:1 | Entered Level 1 of the Shoals
 42666 | Shoals:1 | Reached skill level 1 in Shapeshifting
 42813 | Shoals:1 | Noticed Frances
 42821 | Shoals:1 | Killed Frances
 42875 | Shoals:1 | Lost mutation: You are extremely strong-willed. (Will+++)
                  | [Jiyva's grace]
 42875 | Shoals:1 | Lost mutation: You are somewhat resistant to both further
                  | mutation and mutation removal. [Jiyva's grace]
 42875 | Shoals:1 | Lost mutation: Your rubbery body absorbs attacks. (AC +1,
                  | EV +1) [Jiyva's grace]
 42875 | Shoals:1 | Lost mutation: You have a small jelly attached to you that
                  | may absorb projectiles. [Jiyva's grace]
 42875 | Shoals:1 | Gained mutation: You have a pair of small horns on your
                  | head. [Jiyva's grace]
 42875 | Shoals:1 | Gained mutation: You have a pair of horns on your head.
                  | [Jiyva's grace]
 42875 | Shoals:1 | Gained mutation: You have a pair of large horns on your
                  | head. [Jiyva's grace]
 42875 | Shoals:1 | Gained mutation: You expend magic power (3 MP) to
                  | strengthen your wands. [Jiyva's grace]
 42921 | Shoals:1 | Found Uffoz's Antique Armour Shoppe.
 43642 | Shoals:2 | Identified the blade talisman "Ecoiqocs" {Fly Slay+5}
 44485 | Shoals:3 | Lost mutation: You have a pair of large horns on your head.
                  | [Jiyva's grace]
 44485 | Shoals:3 | Lost mutation: Your flesh is cold resistant. (rC+) [Jiyva's
                  | grace]
 44485 | Shoals:3 | Lost mutation: Your flesh is heat resistant. (rF+) [Jiyva's
                  | grace]
 44485 | Shoals:3 | Lost mutation: You are somewhat resistant to further
                  | mutation. [Jiyva's grace]
 44485 | Shoals:3 | Gained mutation: Your body has grown eyes which may confuse
                  | attackers. (Acc +3) [Jiyva's grace]
 44485 | Shoals:3 | Gained mutation: Your body has grown many eyes which may
                  | confuse attackers. (Acc +5) [Jiyva's grace]
 44485 | Shoals:3 | Gained mutation: Your body is covered in eyes which may
                  | confuse attackers. (Acc +7, SInv) [Jiyva's grace]
 44485 | Shoals:3 | Gained mutation: You have hidden genetic potential.
                  | [Jiyva's grace]
 44574 | Shoals:3 | Reached skill level 24 in Necromancy
 44639 | Shoals:3 | Found Wan Biso's Specific Store.
 44641 | Shoals:3 | Found Urahi's General Store.
 44855 | Shoals:4 | Entered Level 4 of the Shoals
 45079 | Shoals:4 | Reached skill level 15 in Spellcasting
 45089 | Shoals:4 | Reached skill level 5 in Shapeshifting
 45102 | Shoals:4 | Got a barnacled rune of Zot
 46126 | Vaults:1 | Entered Level 1 of the Vaults
 46298 | Vaults:1 | Reached XP level 20. HP: 102/102 MP: 27/40
 46371 | Vaults:1 | Identified the +0 robe of the Tormentor {rPois rN++ Str-5
                  | SInv}
 46690 | Vaults:1 | Upgraded the game from 0.32-a0-450-g080537f31e to
                  | 0.32-a0-468-g38b2580584
 46901 | Vaults:1 | Found a flickering gateway to a bazaar.
 46912 | Bazaar   | Entered a bazaar
 46926 | Bazaar   | Found Kin Ycu's Book Shoppe.
 46926 | Bazaar   | Found Yhoky's Weapon Emporium.
 46949 | Bazaar   | Found Quxoetir's Assorted Antiques.
 47066 | Bazaar   | Found Ukoquloa's Book Shoppe.
 47066 | Bazaar   | Found Uvuiv's Assorted Antiques.
 47110 | Bazaar   | Bought a scroll of teleportation for 87 gold pieces
 47124 | Bazaar   | Bought a potion of might for 132 gold pieces
 47124 | Bazaar   | Bought a scroll of teleportation for 99 gold pieces
 47459 | Vaults:1 | Lost mutation: You have a pair of horns on your head.
                  | [Jiyva's grace]
 47459 | Vaults:1 | Lost mutation: You are highly strong-willed. (Will++)
                  | [Jiyva's grace]
 47459 | Vaults:1 | Lost mutation: Your body is covered in eyes which may
                  | confuse attackers. (Acc +7, SInv) [Jiyva's grace]
 47459 | Vaults:1 | Lost mutation: You have a small jelly attached to you that
                  | senses nearby items. [Jiyva's grace]
 47459 | Vaults:1 | Lost mutation: You expend magic power (3 MP) to strengthen
                  | your wands. [Jiyva's grace]
 47459 | Vaults:1 | Gained mutation: You have a small jelly attached to you
                  | that senses nearby items. [Jiyva's grace]
 47459 | Vaults:1 | Gained mutation: You passively map a small area around you.
                  | [Jiyva's grace]
 47459 | Vaults:1 | Gained mutation: You passively map the area around you.
                  | [Jiyva's grace]
 47459 | Vaults:1 | Gained mutation: You passively map a large area around you.
                  | [Jiyva's grace]
 47875 | Vaults:2 | Found Joixuj's General Store.
 48215 | Vaults:2 | Gained mutation: You have a pair of horns on your head.
                  | [hidden potential]
 48701 | Vaults:2 | Learned a level 1 spell: Apportation
 48824 | Vaults:2 | HP: 3/102 [war gargoyle/spray of metal splinters[a
                  | peacekeeper] (45)]
 49140 | Vaults:3 | Reached skill level 25 in Necromancy
 49301 | Vaults:3 | Identified the +5 quarterstaff of Hasalid {distort, rC+ rN+
                  | Int+2}
 49672 | Vaults:3 | Lost mutation: You have a pair of horns on your head.
                  | [Jiyva's grace]
 49672 | Vaults:3 | Lost mutation: You passively map a large area around you.
                  | [Jiyva's grace]
 49672 | Vaults:3 | Lost mutation: Your system is resistant to poisons. (rPois)
                  | [Jiyva's grace]
 49672 | Vaults:3 | Lost mutation: Your body has grown many eyes which may
                  | confuse attackers. (Acc +5) [Jiyva's grace]
 49672 | Vaults:3 | Gained mutation: You are covered in slimy tendrils that may
                  | disarm your opponents. [Jiyva's grace]
 49672 | Vaults:3 | Gained mutation: Your natural rate of healing is unusually
                  | fast. [Jiyva's grace]
 49672 | Vaults:3 | Gained mutation: You heal very quickly. [Jiyva's grace]
 49672 | Vaults:3 | Gained mutation: You regenerate. [Jiyva's grace]
 49761 | Vaults:3 | Reached XP level 21. HP: 62/107 MP: 31/42
 49959 | Vaults:3 | Found a staircase to the Crypt.
 50599 | Vaults:4 | Reached skill level 10 in Shapeshifting
 50728 | Vaults:4 | Found Exul's General Store.
 50734 | Vaults:4 | Noticed Norris
 50739 | Vaults:4 | Killed Norris
 50950 | Vaults:4 | Reached skill level 26 in Necromancy
 50959 | Vaults:4 | Gained mutation: You have a pair of horns on your head.
                  | [hidden potential]
 50959 | Vaults:4 | Lost mutation: You have hidden genetic potential. [hidden
                  | potential expressed]
 51573 | Vaults:4 | Learned a level 1 spell: Shock
 51581 | Vaults:4 | Learned a level 7 spell: Summon Hydra
 52061 | Elf:1    | Found a radiant altar of Vehumet.
 52071 | Elf:1    | Demolished by a +2 glaive of flaming
 52071 | Elf:1    | Lost a life (1 life remaining)
 52268 | Elf:1    | Identified the +10 short sword of Defiance {protect,
                  | *Corrode rC+ Str+4 Int+4}
 52336 | Elf:1    | Got the Book of Assembling
 52477 | Elf:1    | Found Olakug's Jewellery Boutique.
 52477 | Elf:1    | Found Efrer's Book Shoppe.
 52478 | Elf:1    | Found Reale's Book Shoppe.
 52878 | Elf:2    | Found Feyttosm's Weapon Boutique.
 52906 | Elf:2    | Lost mutation: You regenerate. [Jiyva's grace]
 52906 | Elf:2    | Lost mutation: You heal very quickly. [Jiyva's grace]
 52906 | Elf:2    | Lost mutation: Your melee attacks may engulf your foes in
                  | ooze. [Jiyva's grace]
 52906 | Elf:2    | Gained mutation: Armour fits poorly on your pseudopods.
                  | [Jiyva's grace]
 52906 | Elf:2    | Gained mutation: Armour fits poorly on your large
                  | pseudopods. [Jiyva's grace]
 52906 | Elf:2    | Gained mutation: Armour fits poorly on your massive
                  | pseudopods. [Jiyva's grace]
 52906 | Elf:2    | Gained mutation: You passively map a large area around you.
                  | [Jiyva's grace]
 52918 | Elf:2    | Found Qace's Overcharged Wands.
 53119 | Elf:2    | Found Pur Dirgh's General Store.
 53261 | Elf:2    | Found a huge runed translucent gate.
 53261 | Elf:2    | Found a huge runed translucent gate.
 53261 | Elf:2    | Found a huge runed translucent gate.
 53261 | Elf:2    | Found a huge runed translucent gate.
 53263 | Elf:2    | Found a huge runed translucent gate.
 53488 | Elf:2    | Slain by a +3 eveningstar of holy wrath
 53488 | Elf:2    | Lost a life (0 lives remaining)
 53736 | Elf:2    | Reached skill level 15 in Summonings
 53789 | Elf:2    | Slain by a +1 triple sword of electrocution

Illustrated notes

Levels and vault maps discovered:
D:1:      eino_arrival_druids_welcome, layout_basic
D:2:      layout_loops_ring, serial_shops, shop, basic_altar
D:3:      layout_loops_ring, amcnicky_altar_gilded, nicolae_overflow_squiral,
          chequers_ecumenical_altar_simple
D:4:      layout_loops_ring, minmay_temple_entry_butterflies
D:5:      layout_loops_ring, serial_glass, glass_columns_b, glass_columns_b
D:6:      layout_cave_pods, serial_shops, shop_scrolls, uniq_edmund,
          uniq_menkaure, uniq_sigmund, uniq_pikel
D:7:      layout_loops_cross, mainiacjoe_overflow_cross_hatched
D:8:      layout_loops_corners, mainiacjoe_overflow_alcove_1,
          minmay_misc_feat_more_columns, roadster_trireme
D:9:      layout_cave_pods, lair_entry_dummy, david_orc_3, serial_shops, shop,
          chequers_serial_rivers_room_b, chequers_serial_rivers_micro_d,
          eino_jars, uniq_erica
D:10:     layout_roguey [special_room_orc], mainiacjoe_overflow_six_doors_small,
          mainiacjoe_overflow_two_lobes
D:11:     layout_basic, onia_ninara_cookie, uniq_snorg
D:12:     layout_basic, serial_shops, shop, nicolae_neqoxec_dot_bat
D:13:     layout_rooms, david_vaults_2, special_room [special_room_orc],
          hangedman_abyss_or_decor_lesser_grid, introduction_to_nature_1,
          uniq_lodul
D:14:     minmay_expanding_squares, layout_loops_ring, fedhas_altar_2,
          ebering_ghost_inner_flame, uniq_louise, uniq_kirke
D:15:     gammafunk_depths_entry_grave, layout_irregular_city,
          nicolae_doodle_vault
Temple:   dpeg_chambers_temple
Lair:1:   gammafunk_cloud_chamber, layout_cave_pods, grunt_megastairs_4
Lair:2:   layout_loops_ring, basic_altar, nzn_masters_of_martial_movement
Lair:3:   layout_regular_city, elwin_shoals_entry_rocks,
          minmay_snake_entry_guardpost_small, infiniplex_staircase_pool
Lair:4:   layout_cave_pods, minmay_slime_entry_oklob_open, uniq_rupert
Lair:5:   minmay_lair_end_enchanted_forest, layout_regular_city,
          gauntlet_entry_generic, st_stairs_6
Shoals:1: layout_shoals, serial_shops, nicolae_shop_window_shopping,
          uniq_frances
Shoals:2: layout_shoals
Shoals:3: layout_shoals, nicolae_specific_store
Shoals:4: shoals_end_grunt_ice, layout_shoals
Snake:1:  nicolae_snake_attic_fulla_snakes, layout_misc_corridors, serial_shops,
          shop, nicolae_snake_scaly_snakehead
Snake:2:  layout_misc_corridors, serial_shops, bzr_entry_road, shop,
          serial_bayou_pond_e, serial_nicolae_subway,
          nicolae_sub_station_crystal, nicolae_sub_station_stone,
          nicolae_sub_station_metal, serial_bayou_shore_a, uniq_agnes
Snake:3:  layout_cave_town, serial_shops, nicolae_shop_just_a_little_nook,
          uniq_vashnia, uniq_donald, uniq_azrael
Snake:4:  grunt_snake_rune_spirals, layout_onion, lemuel_fruit_tree
Slime:1:  layout_caves
Slime:2:  layout_caves
Slime:3:  layout_caves
Slime:4:  layout_caves, uniq_dissolution
Slime:5:  slime_pit_nicolae_trefoil
Orc:1:    layout_caves, basic_altar, guppyfry_orc_lava_fort
Orc:2:    grunt_orc_cross, layout_diamond_mine
Elf:1:    eino_elf_arrival_altar, layout_rooms, minmay_elf_demonology,
          minmay_shop_grove
Elf:2:    elven_hall_of_blades_hangedman_alternative
          [mumra_blade_entry_bloodbath], layout_onion_city, serial_shops,
          nicolae_shop_pleasant_corner_grove, nicolae_shop_overcharged_wands,
          minmay_shop_star
Vaults:1: nicolae_vaults_oval_intersection, hangedman_vaults_snaps,
          vaults_mumra_hex, nicolae_vaults_apartment_1, vaults_standard_mumra_x,
          nicolae_vaults_big_angled_halls, dpeg_vaults_monster_row,
          nicolae_vaults_door_testing_chamber, v_misc_9,
          vaults_dpeg_encased_lava, nicolae_vaults_bisected_slash,
          ontoclasm_vaults_decontamination, layout_vaults_omnibox, serial_shops,
          bzr_entry_safe
Vaults:2: v_misc_3, nicolae_vaults_big_angled_halls,
          nicolae_vaults_angled_halls, grunt_vaults_trifunnel,
          nicolae_vaults_rhombus_5, nicolae_vaults_more_shelving_2, st_lattice,
          nicolae_vaults_more_shelving_1, nicolae_vaults_ring_of_whatevers,
          nicolae_vaults_heist, nicolae_vaults_trapezoid_lopsided_3,
          layout_vaults_omnigrid, serial_shops, shop
Vaults:3: nicolae_vaults_halls_meeting, vaults_standard_mumra_enter_the_diamond,
          vaults_standard_mumra_lines, blue_anna_dwarven_crypt, v_pattern_1,
          vaults_room_stairs_pillars, nicolae_vaults_turnstiles,
          ontoclasm_vaults_gateway, layout_vaults_big_room
Vaults:4: nicolae_vaults_stepped_doors, nicolae_vaults_diagonal_hallway_8,
          nicolae_vaults_little_squares_6, v_rooms_4, minmay_orc_keep,
          v_misc_17, nicolae_vaults_wine_cellar, nicolae_vaults_know_your_exits,
          v_alt_pattern_6, nicolae_vaults_tetromino_Z_2, nicolae_vaults_meiosis,
          vaults_dpeg_hooks, nicolae_vaults_two_Ls,
          nicolae_vaults_double_plus_3, layout_vaults_ring, serial_shops,
          nicolae_shop_competitors_out_of_business, uniq_norris

Skill      XL: |  1  2  3  4  5  6  7  8  9 10 11 12 13 14 15 16 17 18 19 20 21 |
---------------+----------------------------------------------------------------+-----
Stealth        | 3 4 5 6 7 8 10 | 10.0
Dodging        | 3 4 5 6 8 9 10 | 10.0
Fighting       | 1 2 3 4 5 6 8 9 10 | 10.0
Spellcasting   | 3 4 5 6 7 9 10 12 14 15 16 | 16.8
Summonings     | 5 6 7 8 9 10 12 14 15 | 15.0
Fire Magic     | 1 3 5 |  5.0
Air Magic      | 3 6 7 |  7.0
Hexes          | 1 5 7 |  7.0
Necromancy     | 1 7 12 16 18 20 23 24 25 26 | 26.1
Shapeshifting  | 5 9 11 | 11.4

Action                     |  1- 3 |  4- 6 |  7- 9 | 10-12 | 13-15 | 16-18 | 19-21 || total
---------------------------+-------+-------+-------+-------+-------+-------+-------++-------
  Melee: Unarmed           |    30 |    26 |    58 |   108 |    70 |    60 |    18 ||   370
         Bite              |     1 |     4 |    10 |    15 |     7 |    12 |     4 ||    53
         Punch             |       |     1 |     1 |       |     2 |       |     3 ||     7
         Headbutt          |       |       |       |       |       |       |     6 ||     6
         Pseudopods        |       |       |       |       |       |       |     1 ||     1
   Cast: Summon Small Mamm |    32 |    30 |    36 |    19 |    16 |     2 |       ||   135
         Call Imp          |    15 |    16 |    27 |    18 |    15 |    11 |       ||   102
         Call Canine Famil |     5 |    12 |    21 |    28 |    20 |    16 |     1 ||   103
         Summon Blazeheart |       |       |    25 |    94 |    55 |    84 |    36 ||   294
         Summon Lightning  |       |       |     5 |    29 |    45 |    51 |    20 ||   150
         Summon Mana Viper |       |       |       |     6 |     5 |    20 |    36 ||    67
         Animate Dead      |       |       |       |       |    27 |    43 |    39 ||   109
         Anguish           |       |       |       |       |     7 |   196 |   311 ||   514
         Death Channel     |       |       |       |       |    16 |    59 |    54 ||   129
         Haunt             |       |       |       |       |       |   117 |   110 ||   227
         Infestation       |       |       |       |       |       |    34 |   143 ||   177
         Apportation       |       |       |       |       |       |       |     1 ||     1
         Summon Hydra      |       |       |       |       |       |       |    57 ||    57
 Invoke: Receive Forbidden |       |       |       |       |     1 |       |       ||     1
         Unearth Wretches  |       |       |       |       |    29 |       |       ||    29
         Oozemancy         |       |       |       |       |       |     1 |       ||     1
  Evoke: Wand              |       |       |       |    11 |     4 |     7 |     1 ||    23
    Use: Scroll            |       |    13 |     5 |    11 |     7 |     9 |     3 ||    48
         Potion            |       |       |     4 |     1 |     3 |     4 |     1 ||    13
   Stab: Sleeping          |     2 |     3 |     2 |       |     1 |     2 |     1 ||    11
         Distracted        |       |       |     4 |     6 |     1 |     2 |     1 ||    14
         Paralysed         |       |       |       |     4 |    17 |       |       ||    21
         Betrayed ally     |       |       |       |     1 |       |       |       ||     1
         Confused          |       |       |       |       |       |       |     1 ||     1
 Armour: Skin              |     6 |    23 |    57 |    87 |    76 |   147 |   157 ||   553
  Dodge: Dodged            |    26 |    39 |   161 |   296 |   167 |   373 |   221 ||  1283
  Block: Other             |       |       |       |    35 |    24 |       |       ||    59
         Reflection        |       |       |       |     1 |       |       |       ||     1
   Form: Blade             |       |       |       |       |       |       |     1 ||     1

Table legend: (Time is in decaauts)
 A = Elapsed time spent in this place.
 B = Non-inter-level travel time spent in this place.
 C = Inter-level travel time spent in this place.
 D = Time resting spent in this place.
 E = Time spent auto-exploring this place.
 F = Levels seen in this place.
 G = Mean time per level.
                   A        B        C        D        E       F      G
               +--------+--------+--------+--------+--------+-----+--------+
         Total |  54264 |  50412 |   3852 |  10824 |  24080 |  45 | 1205.9 |
       Dungeon |  23785 |  22209 |   1576 |   7031 |  10672 |  15 | 1585.7 |
        Temple |     54 |      1 |     53 |      0 |      0 |   1 |   54.0 |
          Lair |   9735 |   8524 |   1211 |   2186 |   4138 |   5 | 1947.0 |
        Shoals |   3667 |   3370 |    297 |     40 |   2254 |   4 |  916.8 |
     Snake Pit |   3845 |   3626 |    219 |    187 |   1869 |   4 |  961.2 |
    Slime Pits |   3317 |   3168 |    149 |    667 |    602 |   5 |  663.4 |
  Orcish Mines |   1771 |   1705 |     66 |     63 |    925 |   2 |  885.5 |
   Elven Halls |   1810 |   1796 |     14 |    127 |    956 |   2 |  905.0 |
        Vaults |   5313 |   5048 |    265 |    409 |   2578 |   4 | 1328.2 |
        Bazaar |    342 |    342 |      0 |    100 |     30 |   2 |  171.0 |
      Gauntlet |    620 |    620 |      0 |     14 |     54 |   1 |  620.0 |
               +--------+--------+--------+--------+--------+-----+--------+

Top non-repeatable levels by time:
     D:6: 2864 daAuts
    D:11: 2713 daAuts
  Lair:1: 2658 daAuts
     D:7: 2593 daAuts
     D:9: 2139 daAuts
  Lair:3: 2080 daAuts
    D:12: 1939 daAuts
     D:8: 1935 daAuts
  Lair:2: 1840 daAuts
  Lair:4: 1700 daAuts
Vaults:1: 1504 daAuts
Vaults:4: 1474 daAuts
  Lair:5: 1456 daAuts
     D:3: 1454 daAuts
    D:10: 1318 daAuts
